[ AOE2 MATCH · #476514076 ]
UnrankedGoths vs Malay
[ REPLAY ANALYSIS · EXTRACTED FROM THE RECORDED GAME ]
Feudal
15:24
Castle
19:19
Imperial
34:35
| APM avg | 40.3 |
| APM peak | 68 |
| eAPM avg | 22.8 |
| Villagers / military | 200 / 161 |
Focus
⚔️ 29.9% · 🌾 70.1%
Spearman ×79 · Huskarl ×74 · Battering Ram ×5 · Monk ×3
Feudal
14:58
Castle
29:44
Imperial
—
| APM avg | 25.2 |
| APM peak | 46 |
| eAPM avg | 14.4 |
| Villagers / military | 105 / 106 |
Focus
⚔️ 35.0% · 🌾 65.0%
Skirmisher ×70 · Ghulam ×15 · Mangonel ×10 · Armored Elephant ×9 · Monk ×2
Feudal
14:14
Castle
16:40
Imperial
31:10
| APM avg | 44.3 |
| APM peak | 85 |
| eAPM avg | 27.0 |
| Villagers / military | 180 / 150 |
Focus
⚔️ 28.6% · 🌾 71.4%
Battle Elephant ×97 · Archer ×53
Feudal
13:18
Castle
17:26
Imperial
44:09
| APM avg | 47.9 |
| APM peak | 85 |
| eAPM avg | 24.8 |
| Villagers / military | 114 / 53 |
Focus
⚔️ 32.3% · 🌾 67.7%
Mangudai ×46 · Mangonel ×3 · Trebuchet (Packed) ×2 · Monk ×1 · Militia ×1
Feudal
13:47
Castle
19:57
Imperial
42:51
| APM avg | 41.1 |
| APM peak | 76 |
| eAPM avg | 24.8 |
| Villagers / military | 150 / 50 |
Focus
⚔️ 22.3% · 🌾 77.7%
Battle Elephant ×10 · Arambai ×7 · Scorpion ×7 · Spearman ×7 · Scout Cavalry ×6 · Battering Ram ×4
Feudal
12:41
Castle
17:55
Imperial
—
| APM avg | 23.0 |
| APM peak | 75 |
| eAPM avg | 11.9 |
| Villagers / military | 93 / 18 |
Focus
⚔️ 25.9% · 🌾 74.1%
Shotel Warrior ×8 · Knight ×3 · Mangonel ×3 · Scorpion ×3 · Battering Ram ×1
Feudal
15:18
Castle
19:52
Imperial
39:26
| APM avg | 45.0 |
| APM peak | 83 |
| eAPM avg | 25.0 |
| Villagers / military | 192 / 174 |
Focus
⚔️ 18.9% · 🌾 81.1%
Knight ×109 · Militia ×27 · Woad Raider ×24 · Battering Ram ×13 · Scout Cavalry ×1
Feudal
13:54
Castle
23:14
Imperial
41:36
| APM avg | 51.7 |
| APM peak | 87 |
| eAPM avg | 27.9 |
| Villagers / military | 190 / 65 |
Focus
⚔️ 31.8% · 🌾 68.2%
Rattan Archer ×41 · Scout Cavalry ×12 · Trebuchet (Packed) ×6 · Monk ×3 · Mangonel ×3
Match map
Initial resources + every placement click. Lines = walls · curves = elevation contours. ◆ gold · ⬟ stone · ● berries · ✦ relic · ◌ wall gap
Your base· Open — unwalled flank
别找我要羊,没有's base· Open — 2t gap
Nineshine's base· Open — unwalled flank
飞云骑's base· Open — unwalled flank
不路路's base· Open — unwalled flank
只会种田's base· Open — unwalled flank
男高抗压位's base· Open — unwalled flank
卡卡罗特's base· Open — unwalled flank
Smoothed initial terrain · ◌ = detected wall gap · hover for details
Inputs per minute
— 前三十分钟没有我 - - 别找我要羊,没有
Build order — 前三十分钟没有我
First 150 of 468 actions detected
| 0:25 | Build | Town Center |
| 2:26 | Create | Villager (Male) |
| 2:26 | Create | Villager (Male) |
| 2:26 | Create | Villager (Male) |
| 2:26 | Create | Villager (Male) |
| 2:27 | Create | Villager (Male) |
| 3:19 | Build | House |
| 3:21 | Research | Loom |
| 3:22 | Create | Villager (Male) |
| 3:22 | Create | Villager (Male) |
| 3:22 | Create | Villager (Male) |
| 3:37 | Build | House |
| 4:40 | Create | Villager (Male) |
| 4:40 | Create | Villager (Male) |
| 5:47 | Create | Villager (Male) |
| 5:47 | Create | Villager (Male) |
| 6:16 | Create | Villager (Male) |
| 6:34 | Create | Villager (Male) |
| 6:34 | Create | Villager (Male) |
| 6:34 | Create | Villager (Male) |
| 6:34 | Create | Villager (Male) |
| 7:39 | Build | House |
| 8:14 | Create | Villager (Male) |
| 8:14 | Create | Villager (Male) |
| 8:32 | Create | Villager (Male) |
| 8:47 | Create | Villager (Male) |
| 8:55 | Build | House |
| 9:00 | Build | Palisade Wall |
| 9:00 | Create | Villager (Male) |
| 9:23 | Create | Villager (Male) |
| 9:28 | Create | Villager (Male) |
| 9:48 | Build | Lumber Camp |
| 9:55 | Create | Villager (Male) |
| 10:19 | Create | Villager (Male) |
| 10:26 | Create | Villager (Male) |
| 10:50 | Create | Villager (Male) |
| 11:01 | Build | Mining Camp |
| 11:03 | Create | Villager (Male) |
| 11:49 | Create | Villager (Male) |
| 11:57 | Build | House |
| 12:47 | Create | Villager (Male) |
| 13:01 | Research | Feudal Age |
| 14:27 | Build | Mill |
| 15:03 | Create | Villager (Male) |
| 15:03 | Create | Villager (Male) |
| 15:24 | Age | Feudal Age |
| 15:38 | Build | Market |
| 15:42 | Build | Blacksmith |
| 15:45 | Create | Villager (Male) |
| 15:50 | Research | Double-Bit Axe |
| 16:02 | Research | Horse Collar |
| 16:28 | Research | Castle Age |
| 16:33 | Build | Barracks |
| 16:39 | Build | House |
| 17:08 | Create | Spearman |
| 17:09 | Create | Spearman |
| 17:30 | Build | House |
| 17:32 | Build | House |
| 18:25 | Build | House |
| 18:26 | Build | House |
| 19:19 | Age | Castle Age |
| 19:24 | Build | Town Center |
| 19:28 | Build | Town Center |
| 19:30 | Create | Villager (Male) |
| 19:38 | Build | Siege Workshop |
| 19:39 | Build | House |
| 19:46 | Create | Villager (Male) |
| 19:50 | Research | Bow Saw |
| 20:19 | Build | Monastery |
| 20:22 | Create | Villager (Male) |
| 20:27 | Build | Farm |
| 20:39 | Create | Villager (Male) |
| 20:48 | Create | Villager (Male) |
| 20:53 | Build | House |
| 20:55 | Build | Farm |
| 21:02 | Create | Villager (Male) |
| 21:02 | Create | Villager (Male) |
| 21:05 | Create | Monk |
| 21:10 | Build | Farm |
| 21:11 | Create | Villager (Male) |
| 21:15 | Create | Villager (Male) |
| 21:16 | Create | Villager (Male) |
| 21:16 | Create | Villager (Male) |
| 21:19 | Build | House |
| 21:25 | Build | Farm |
| 21:28 | Build | Farm |
| 21:32 | Create | Villager (Male) |
| 21:32 | Create | Villager (Male) |
| 21:34 | Create | Villager (Male) |
| 21:42 | Build | Farm |
| 21:48 | Build | Farm |
| 21:49 | Create | Villager (Male) |
| 21:58 | Build | Farm |
| 22:16 | Create | Villager (Male) |
| 22:16 | Create | Villager (Male) |
| 22:17 | Create | Villager (Male) |
| 22:22 | Build | Farm |
| 22:24 | Build | Farm |
| 22:25 | Build | Farm |
| 22:27 | Build | Farm |
| 22:29 | Create | Villager (Male) |
| 22:41 | Build | Farm |
| 22:42 | Build | Farm |
| 22:44 | Build | Farm |
| 22:54 | Create | Villager (Male) |
| 22:54 | Create | Villager (Male) |
| 22:55 | Create | Villager (Male) |
| 23:03 | Create | Villager (Male) |
| 23:22 | Create | Villager (Male) |
| 23:31 | Create | Villager (Male) |
| 23:41 | Build | Town Center |
| 23:43 | Create | Villager (Male) |
| 23:50 | Build | Mining Camp |
| 23:52 | Create | Villager (Male) |
| 23:58 | Build | Farm |
| 23:59 | Build | Farm |
| 24:02 | Build | Farm |
| 24:03 | Build | Farm |
| 24:04 | Create | Villager (Male) |
| 24:08 | Build | Farm |
| 24:09 | Create | Villager (Male) |
| 24:14 | Build | Farm |
| 24:18 | Build | Farm |
| 24:21 | Build | Farm |
| 24:22 | Create | Villager (Male) |
| 24:28 | Build | House |
| 24:30 | Create | Villager (Male) |
| 24:37 | Create | Villager (Male) |
| 24:37 | Create | Villager (Male) |
| 24:38 | Create | Villager (Male) |
| 24:38 | Create | Villager (Male) |
| 24:42 | Create | Spearman |
| 24:42 | Create | Spearman |
| 24:53 | Create | Monk |
| 24:59 | Create | Villager (Male) |
| 25:04 | Create | Villager (Male) |
| 25:15 | Research | Gold Mining |
| 25:15 | Research | Stone Mining |
| 25:16 | Create | Villager (Male) |
| 25:22 | Build | Farm |
| 25:23 | Build | Farm |
| 25:23 | Build | Farm |
| 25:24 | Build | Farm |
| 25:25 | Build | Farm |
| 25:29 | Create | Villager (Male) |
| 25:36 | Create | Villager (Male) |
| 25:46 | Create | Villager (Male) |
| 25:50 | Create | Villager (Male) |
| 25:50 | Create | Villager (Male) |
| 25:56 | Build | Farm |
Build order — 别找我要羊,没有
First 150 of 336 actions detected
| 1:08 | Build | Town Center |
| 2:10 | Build | Palisade Wall |
| 2:12 | Build | Palisade Wall |
| 2:13 | Build | Palisade Wall |
| 2:14 | Build | Palisade Wall |
| 2:31 | Build | House |
| 3:09 | Build | House |
| 3:44 | Research | Loom |
| 3:44 | Create | Villager (Male) |
| 3:44 | Create | Villager (Male) |
| 3:44 | Create | Villager (Male) |
| 3:45 | Create | Villager (Male) |
| 3:45 | Create | Villager (Male) |
| 4:39 | Build | House |
| 4:43 | Build | House |
| 5:01 | Build | House |
| 5:17 | Create | Villager (Male) |
| 6:01 | Build | Lumber Camp |
| 6:15 | Create | Villager (Male) |
| 6:15 | Create | Villager (Male) |
| 6:38 | Create | Villager (Male) |
| 7:16 | Create | Villager (Male) |
| 7:16 | Create | Villager (Male) |
| 7:44 | Create | Villager (Male) |
| 7:44 | Create | Villager (Male) |
| 7:45 | Create | Villager (Male) |
| 7:45 | Create | Villager (Male) |
| 8:02 | Build | House |
| 8:36 | Build | House |
| 8:38 | Create | Villager (Male) |
| 8:38 | Create | Villager (Male) |
| 8:38 | Create | Villager (Male) |
| 8:39 | Create | Villager (Male) |
| 8:40 | Create | Villager (Male) |
| 8:40 | Create | Villager (Male) |
| 9:17 | Build | Mill |
| 10:04 | Create | Villager (Male) |
| 10:14 | Build | Palisade Wall |
| 10:27 | Create | Villager (Male) |
| 10:28 | Create | Villager (Male) |
| 10:28 | Create | Villager (Male) |
| 10:52 | Build | Palisade Wall |
| 11:33 | Create | Villager (Male) |
| 11:48 | Create | Villager (Male) |
| 12:17 | Create | Villager (Male) |
| 12:33 | Research | Feudal Age |
| 12:44 | Build | Outpost |
| 13:03 | Build | House |
| 13:14 | Build | Outpost |
| 13:18 | Build | House |
| 13:24 | Create | Villager (Male) |
| 13:31 | Build | House |
| 13:56 | Build | House |
| 14:32 | Build | Palisade Wall |
| 14:37 | Build | Palisade Wall |
| 14:38 | Build | Palisade Wall |
| 14:39 | Build | Palisade Wall |
| 14:40 | Build | Palisade Wall |
| 14:40 | Build | Palisade Wall |
| 14:41 | Build | Palisade Wall |
| 14:41 | Build | Palisade Wall |
| 14:41 | Build | Palisade Wall |
| 14:42 | Build | Palisade Wall |
| 14:42 | Build | Palisade Wall |
| 14:42 | Build | Palisade Wall |
| 14:43 | Build | Palisade Wall |
| 14:43 | Build | Palisade Wall |
| 14:43 | Build | Palisade Wall |
| 14:44 | Build | Palisade Wall |
| 14:44 | Build | Palisade Wall |
| 14:54 | Create | Villager (Male) |
| 14:54 | Create | Villager (Male) |
| 14:55 | Create | Villager (Male) |
| 14:55 | Create | Villager (Male) |
| 14:58 | Age | Feudal Age |
| 15:08 | Build | Watch Tower |
| 15:57 | Build | Watch Tower |
| 16:10 | Create | Villager (Male) |
| 16:16 | Build | House |
| 16:28 | Build | House |
| 16:41 | Create | Villager (Male) |
| 17:03 | Build | House |
| 17:07 | Create | Villager (Male) |
| 17:36 | Build | House |
| 18:04 | Build | House |
| 18:15 | Create | Villager (Male) |
| 18:15 | Create | Villager (Male) |
| 18:51 | Build | Blacksmith |
| 18:55 | Build | Stone Wall |
| 19:06 | Create | Villager (Male) |
| 19:06 | Create | Villager (Male) |
| 19:17 | Create | Villager (Male) |
| 19:17 | Create | Villager (Male) |
| 19:34 | Build | Mining Camp |
| 19:42 | Create | Villager (Male) |
| 19:43 | Create | Villager (Male) |
| 20:33 | Build | Barracks |
| 20:38 | Create | Villager (Male) |
| 21:18 | Build | Farm |
| 21:24 | Build | Stable |
| 21:31 | Build | Farm |
| 21:41 | Build | Farm |
| 21:47 | Create | Villager (Male) |
| 21:52 | Build | Farm |
| 22:08 | Build | Watch Tower |
| 22:20 | Create | Villager (Male) |
| 22:23 | Build | Farm |
| 22:25 | Build | Farm |
| 22:36 | Create | Villager (Male) |
| 23:01 | Create | Villager (Male) |
| 23:08 | Build | Gate |
| 23:12 | Build | Stone Wall |
| 23:30 | Build | Farm |
| 24:05 | Create | Villager (Male) |
| 24:06 | Create | Villager (Male) |
| 24:12 | Build | Farm |
| 24:14 | Build | Farm |
| 24:15 | Build | Farm |
| 24:20 | Build | Farm |
| 24:29 | Build | House |
| 24:40 | Build | Farm |
| 24:41 | Build | Farm |
| 24:42 | Build | Farm |
| 24:43 | Build | Farm |
| 24:45 | Create | Villager (Male) |
| 25:00 | Build | Mining Camp |
| 25:04 | Create | Villager (Male) |
| 25:30 | Create | Villager (Male) |
| 25:33 | Build | Farm |
| 25:38 | Build | Farm |
| 26:06 | Create | Villager (Male) |
| 26:35 | Create | Villager (Male) |
| 26:39 | Build | Farm |
| 26:47 | Build | Farm |
| 26:55 | Build | Farm |
| 27:04 | Research | Castle Age |
| 27:27 | Build | Archery Range |
| 27:35 | Research | Double-Bit Axe |
| 28:04 | Research | Horse Collar |
| 28:07 | Research | Fletching |
| 28:22 | Create | Skirmisher |
| 28:48 | Build | House |
| 28:49 | Build | House |
| 28:50 | Build | House |
| 28:51 | Build | House |
| 28:55 | Build | House |
| 28:55 | Build | House |
| 29:01 | Create | Villager (Male) |
| 29:01 | Create | Villager (Male) |
| 29:01 | Create | Villager (Male) |
Build order — Nineshine
First 150 of 588 actions detected
| 0:23 | Build | Town Center |
| 2:03 | Create | Villager (Male) |
| 2:09 | Build | House |
| 2:10 | Create | Villager (Male) |
| 2:14 | Build | House |
| 2:17 | Create | Villager (Male) |
| 2:26 | Create | Villager (Male) |
| 2:45 | Build | House |
| 3:40 | Create | Villager (Male) |
| 3:40 | Create | Villager (Male) |
| 4:03 | Create | Villager (Male) |
| 4:04 | Create | Villager (Male) |
| 4:42 | Create | Villager (Male) |
| 4:43 | Create | Villager (Male) |
| 4:43 | Create | Villager (Male) |
| 5:47 | Create | Villager (Male) |
| 5:47 | Create | Villager (Male) |
| 5:47 | Create | Villager (Male) |
| 5:47 | Create | Villager (Male) |
| 5:52 | Build | House |
| 5:53 | Build | House |
| 6:14 | Create | Villager (Male) |
| 6:14 | Create | Villager (Male) |
| 6:46 | Create | Villager (Male) |
| 6:46 | Create | Villager (Male) |
| 7:04 | Create | Villager (Male) |
| 7:04 | Create | Villager (Male) |
| 7:54 | Create | Villager (Male) |
| 7:58 | Build | Mill |
| 8:11 | Build | House |
| 8:17 | Create | Villager (Male) |
| 8:30 | Build | House |
| 8:47 | Build | House |
| 9:05 | Build | House |
| 9:07 | Create | Villager (Male) |
| 9:31 | Create | Villager (Male) |
| 9:46 | Create | Villager (Male) |
| 9:46 | Create | Villager (Male) |
| 9:50 | Build | House |
| 10:33 | Create | Villager (Male) |
| 10:56 | Build | House |
| 11:13 | Create | Villager (Male) |
| 11:35 | Create | Villager (Male) |
| 11:38 | Build | House |
| 11:59 | Create | Villager (Male) |
| 12:01 | Build | Mining Camp |
| 12:11 | Build | Barracks |
| 12:31 | Create | Villager (Male) |
| 12:33 | Build | Lumber Camp |
| 12:37 | Build | House |
| 12:38 | Build | House |
| 12:47 | Research | Feudal Age |
| 12:48 | Research | Feudal Age |
| 13:49 | Build | House |
| 13:58 | Build | House |
| 14:11 | Create | Villager (Male) |
| 14:14 | Age | Feudal Age |
| 14:16 | Build | Archery Range |
| 14:18 | Build | Blacksmith |
| 14:21 | Build | Blacksmith |
| 14:29 | Create | Villager (Male) |
| 14:34 | Research | Double-Bit Axe |
| 14:51 | Build | Archery Range |
| 15:04 | Research | Castle Age |
| 15:04 | Research | Castle Age |
| 15:06 | Create | Archer |
| 15:06 | Create | Archer |
| 15:18 | Build | Palisade Wall |
| 15:19 | Build | Palisade Gate |
| 15:21 | Create | Archer |
| 15:38 | Create | Villager (Male) |
| 15:39 | Create | Archer |
| 15:39 | Create | Archer |
| 15:52 | Create | Archer |
| 15:52 | Create | Archer |
| 16:10 | Research | Fletching |
| 16:13 | Create | Archer |
| 16:14 | Create | Villager (Male) |
| 16:38 | Research | Horse Collar |
| 16:40 | Age | Castle Age |
| 16:50 | Research | Crossbowman (upgrade) |
| 16:50 | Research | Crossbowman (upgrade) |
| 17:07 | Build | Town Center |
| 17:11 | Create | Villager (Male) |
| 17:12 | Build | Farm |
| 17:12 | Build | Farm |
| 17:13 | Build | Farm |
| 17:13 | Build | Farm |
| 17:13 | Build | Farm |
| 17:28 | Create | Archer |
| 17:28 | Create | Archer |
| 17:59 | Create | Archer |
| 17:59 | Create | Archer |
| 18:04 | Create | Archer |
| 18:04 | Create | Archer |
| 18:05 | Create | Villager (Male) |
| 18:18 | Create | Archer |
| 18:19 | Create | Archer |
| 18:30 | Create | Archer |
| 18:30 | Create | Archer |
| 18:40 | Build | Farm |
| 18:40 | Build | Farm |
| 18:40 | Build | Farm |
| 18:41 | Build | Farm |
| 18:41 | Build | Farm |
| 18:41 | Build | Farm |
| 18:44 | Build | Farm |
| 18:44 | Build | Farm |
| 18:45 | Build | Farm |
| 18:45 | Build | Farm |
| 18:45 | Build | Farm |
| 18:49 | Create | Villager (Male) |
| 18:59 | Create | Archer |
| 18:59 | Create | Archer |
| 19:30 | Create | Archer |
| 19:30 | Create | Archer |
| 19:38 | Create | Archer |
| 19:39 | Create | Villager (Male) |
| 19:42 | Create | Villager (Male) |
| 19:43 | Create | Villager (Male) |
| 19:44 | Build | Farm |
| 19:44 | Build | Farm |
| 19:45 | Build | Farm |
| 19:45 | Build | Farm |
| 19:45 | Build | Farm |
| 19:47 | Create | Archer |
| 19:47 | Create | Archer |
| 19:52 | Create | Villager (Male) |
| 20:04 | Build | House |
| 20:04 | Build | House |
| 20:17 | Build | Farm |
| 20:21 | Create | Villager (Male) |
| 20:26 | Build | Farm |
| 20:54 | Create | Villager (Male) |
| 21:00 | Create | Archer |
| 21:00 | Create | Archer |
| 21:05 | Create | Villager (Male) |
| 21:11 | Create | Archer |
| 21:12 | Create | Archer |
| 21:21 | Create | Archer |
| 21:51 | Create | Archer |
| 21:51 | Create | Archer |
| 22:06 | Create | Villager (Male) |
| 22:15 | Create | Villager (Male) |
| 22:20 | Create | Villager (Male) |
| 22:22 | Create | Villager (Male) |
| 22:23 | Create | Archer |
| 22:24 | Create | Archer |
| 22:26 | Create | Villager (Male) |
| 22:26 | Create | Villager (Male) |
Build order — 飞云骑
First 150 of 308 actions detected
| 0:09 | Build | House |
| 0:47 | Build | Town Center |
| 2:57 | Create | Villager (Male) |
| 2:58 | Create | Villager (Male) |
| 2:58 | Create | Villager (Male) |
| 3:03 | Build | House |
| 3:19 | Build | House |
| 3:34 | Build | House |
| 3:39 | Create | Villager (Male) |
| 3:39 | Create | Villager (Male) |
| 3:50 | Build | House |
| 4:43 | Create | Villager (Male) |
| 4:44 | Create | Villager (Male) |
| 5:07 | Create | Villager (Male) |
| 5:08 | Create | Villager (Male) |
| 5:13 | Build | House |
| 5:14 | Build | House |
| 5:34 | Create | Villager (Male) |
| 5:34 | Create | Villager (Male) |
| 6:07 | Create | Villager (Male) |
| 6:08 | Create | Villager (Male) |
| 6:16 | Build | House |
| 6:33 | Create | Villager (Male) |
| 6:34 | Create | Villager (Male) |
| 6:34 | Create | Villager (Male) |
| 6:55 | Create | Villager (Male) |
| 6:59 | Create | Villager (Male) |
| 7:00 | Create | Villager (Male) |
| 7:09 | Build | House |
| 8:34 | Build | House |
| 8:58 | Build | Mill |
| 9:33 | Build | Mining Camp |
| 9:41 | Create | Villager (Male) |
| 9:41 | Create | Villager (Male) |
| 9:42 | Research | Loom |
| 10:03 | Build | House |
| 10:17 | Build | House |
| 10:40 | Build | House |
| 10:54 | Build | House |
| 10:57 | Build | Mill |
| 11:00 | Build | House |
| 11:01 | Create | Villager (Male) |
| 11:08 | Research | Feudal Age |
| 11:30 | Build | Palisade Wall |
| 12:35 | Build | Palisade Wall |
| 12:47 | Build | House |
| 13:18 | Age | Feudal Age |
| 13:23 | Create | Villager (Male) |
| 13:24 | Create | Villager (Male) |
| 13:29 | Build | Market |
| 13:41 | Build | Blacksmith |
| 13:43 | Build | Stone Wall |
| 14:06 | Build | Palisade Wall |
| 14:13 | Build | Palisade Wall |
| 14:21 | Create | Villager (Male) |
| 14:29 | Build | Barracks |
| 14:38 | Research | Castle Age |
| 15:12 | Build | Mining Camp |
| 15:13 | Create | Villager (Male) |
| 15:23 | Build | Stone Wall |
| 15:43 | Build | House |
| 16:02 | Build | Mining Camp |
| 17:26 | Age | Castle Age |
| 17:31 | Create | Militia |
| 17:34 | Build | Siege Workshop |
| 17:53 | Create | Villager (Male) |
| 18:10 | Create | Villager (Male) |
| 18:13 | Create | Mangonel |
| 18:33 | Create | Villager (Male) |
| 18:42 | Build | Palisade Wall |
| 18:43 | Build | Palisade Wall |
| 18:53 | Create | Villager (Male) |
| 19:18 | Create | Villager (Male) |
| 19:30 | Create | Mangonel |
| 20:10 | Build | House |
| 20:19 | Create | Villager (Male) |
| 20:21 | Create | Villager (Male) |
| 20:30 | Build | Castle |
| 20:37 | Build | House |
| 21:45 | Create | Mangudai |
| 21:57 | Create | Mangudai |
| 22:05 | Build | Lumber Camp |
| 22:20 | Build | Farm |
| 22:24 | Create | Mangudai |
| 22:24 | Create | Mangudai |
| 22:35 | Build | Gate |
| 22:42 | Build | Farm |
| 23:02 | Create | Mangudai |
| 23:39 | Build | Farm |
| 23:39 | Build | Farm |
| 23:39 | Build | Farm |
| 23:40 | Build | Farm |
| 23:40 | Build | Farm |
| 23:40 | Build | Farm |
| 23:57 | Create | Mangudai |
| 24:17 | Create | Villager (Male) |
| 24:25 | Create | Mangudai |
| 24:36 | Build | Farm |
| 24:58 | Build | Farm |
| 24:58 | Create | Villager (Male) |
| 24:59 | Create | Villager (Male) |
| 25:17 | Research | Fletching |
| 25:18 | Research | Fletching |
| 25:29 | Build | Farm |
| 25:43 | Create | Villager (Male) |
| 25:46 | Build | Stone Wall |
| 25:54 | Create | Mangudai |
| 25:54 | Create | Mangudai |
| 26:11 | Create | Villager (Male) |
| 26:12 | Create | Villager (Male) |
| 26:18 | Build | Mill |
| 26:19 | Build | Farm |
| 26:19 | Build | Farm |
| 26:19 | Build | Farm |
| 26:20 | Build | Farm |
| 26:20 | Build | Farm |
| 26:20 | Build | Farm |
| 26:28 | Create | Mangudai |
| 26:29 | Create | Villager (Male) |
| 26:29 | Create | Villager (Male) |
| 26:29 | Create | Villager (Male) |
| 26:44 | Create | Villager (Male) |
| 27:04 | Build | Farm |
| 27:05 | Build | Farm |
| 27:06 | Create | Villager (Male) |
| 27:07 | Create | Villager (Male) |
| 27:23 | Research | Bodkin Arrow |
| 27:23 | Research | Bodkin Arrow |
| 27:28 | Create | Villager (Male) |
| 27:29 | Create | Villager (Male) |
| 27:48 | Create | Villager (Male) |
| 28:01 | Create | Mangudai |
| 28:08 | Create | Villager (Male) |
| 28:18 | Create | Villager (Male) |
| 28:22 | Build | Farm |
| 28:31 | Create | Villager (Male) |
| 28:36 | Create | Mangudai |
| 28:39 | Create | Villager (Male) |
| 28:58 | Create | Villager (Male) |
| 29:00 | Build | House |
| 29:01 | Build | House |
| 29:05 | Create | Villager (Male) |
| 29:29 | Create | Mangudai |
| 29:29 | Create | Mangudai |
| 29:31 | Create | Villager (Male) |
| 29:31 | Create | Villager (Male) |
| 30:19 | Create | Mangudai |
| 30:21 | Create | Villager (Male) |
| 30:21 | Create | Villager (Male) |
| 30:25 | Build | Stone Wall |
Build order — 不路路
First 150 of 383 actions detected
| 0:18 | Build | Town Center |
| 2:02 | Build | House |
| 2:45 | Create | Villager (Male) |
| 2:45 | Create | Villager (Male) |
| 2:46 | Create | Villager (Male) |
| 2:51 | Create | Villager (Male) |
| 2:52 | Create | Villager (Male) |
| 3:13 | Build | House |
| 3:27 | Build | House |
| 4:27 | Create | Villager (Male) |
| 4:53 | Create | Villager (Male) |
| 4:54 | Create | Villager (Male) |
| 5:18 | Create | Villager (Male) |
| 5:34 | Build | House |
| 5:38 | Create | Villager (Male) |
| 5:47 | Research | Loom |
| 5:48 | Create | Villager (Male) |
| 6:14 | Create | Villager (Male) |
| 6:42 | Create | Villager (Male) |
| 7:01 | Create | Villager (Male) |
| 7:04 | Build | House |
| 7:13 | Create | Villager (Male) |
| 7:18 | Build | House |
| 7:26 | Build | House |
| 7:30 | Build | House |
| 8:06 | Create | Villager (Male) |
| 8:19 | Create | Villager (Male) |
| 8:49 | Create | Villager (Male) |
| 9:03 | Create | Villager (Male) |
| 9:11 | Create | Villager (Male) |
| 9:16 | Create | Villager (Male) |
| 9:21 | Build | House |
| 9:36 | Build | Lumber Camp |
| 10:37 | Create | Villager (Male) |
| 10:57 | Build | Mining Camp |
| 11:01 | Build | Palisade Gate |
| 11:05 | Build | Palisade Gate |
| 11:08 | Build | Palisade Gate |
| 11:09 | Create | Villager (Male) |
| 11:18 | Build | House |
| 11:28 | Build | Palisade Wall |
| 11:30 | Research | Feudal Age |
| 12:36 | Create | Villager (Male) |
| 12:57 | Create | Villager (Male) |
| 13:02 | Build | Mill |
| 13:47 | Age | Feudal Age |
| 13:52 | Create | Villager (Male) |
| 14:09 | Build | Barracks |
| 14:17 | Build | Outpost |
| 14:23 | Build | Palisade Wall |
| 14:26 | Create | Villager (Male) |
| 14:31 | Build | House |
| 14:49 | Create | Villager (Male) |
| 14:53 | Build | Palisade Wall |
| 15:20 | Create | Villager (Male) |
| 15:41 | Create | Villager (Male) |
| 16:03 | Create | Spearman |
| 16:15 | Build | Market |
| 16:21 | Build | Blacksmith |
| 16:28 | Create | Villager (Male) |
| 16:34 | Research | Town Watch |
| 17:17 | Research | Castle Age |
| 17:23 | Create | Spearman |
| 17:28 | Build | House |
| 17:30 | Build | Mining Camp |
| 17:36 | Create | Villager (Male) |
| 18:48 | Create | Villager (Male) |
| 18:55 | Create | Villager (Male) |
| 19:36 | Build | Palisade Wall |
| 19:38 | Build | Palisade Wall |
| 19:39 | Build | Palisade Wall |
| 19:54 | Build | Palisade Wall |
| 19:57 | Age | Castle Age |
| 20:16 | Build | Castle |
| 20:22 | Create | Spearman |
| 20:28 | Build | Monastery |
| 21:22 | Create | Monk |
| 21:22 | Create | Monk |
| 21:51 | Build | Farm |
| 21:51 | Build | Farm |
| 21:52 | Build | Farm |
| 21:52 | Build | Farm |
| 21:52 | Build | Farm |
| 21:53 | Build | Farm |
| 22:45 | Create | Monk |
| 23:03 | Build | Farm |
| 23:04 | Build | Farm |
| 23:04 | Build | Farm |
| 23:16 | Create | Villager (Male) |
| 23:37 | Build | Outpost |
| 23:48 | Create | Arambai |
| 23:49 | Create | Arambai |
| 23:49 | Create | Arambai |
| 23:50 | Create | Villager (Male) |
| 24:11 | Build | Siege Workshop |
| 24:12 | Create | Villager (Male) |
| 24:38 | Create | Villager (Male) |
| 24:54 | Create | Battering Ram |
| 25:39 | Create | Villager (Male) |
| 25:40 | Create | Villager (Male) |
| 26:09 | Create | Villager (Male) |
| 26:25 | Build | Farm |
| 26:26 | Build | Farm |
| 26:26 | Build | Farm |
| 26:37 | Create | Villager (Male) |
| 26:43 | Create | Villager (Male) |
| 26:45 | Build | Stable |
| 27:02 | Create | Villager (Male) |
| 27:30 | Create | Villager (Male) |
| 27:38 | Create | Mangonel |
| 27:44 | Build | Farm |
| 27:44 | Build | Farm |
| 27:48 | Research | Horse Collar |
| 27:59 | Create | Villager (Male) |
| 28:09 | Build | Town Center |
| 28:20 | Build | Farm |
| 28:21 | Create | Villager (Male) |
| 28:23 | Build | Farm |
| 28:23 | Build | Farm |
| 28:23 | Build | Farm |
| 28:23 | Build | Farm |
| 28:39 | Create | Villager (Male) |
| 28:53 | Create | Scout Cavalry |
| 29:07 | Create | Villager (Male) |
| 29:23 | Create | Mangonel |
| 29:26 | Create | Scout Cavalry |
| 29:29 | Build | Farm |
| 29:30 | Build | Farm |
| 29:30 | Build | Farm |
| 29:30 | Build | Farm |
| 29:30 | Build | Farm |
| 29:39 | Create | Villager (Male) |
| 30:04 | Create | Villager (Male) |
| 30:21 | Create | Villager (Male) |
| 30:37 | Create | Villager (Male) |
| 30:39 | Create | Villager (Male) |
| 30:45 | Create | Villager (Male) |
| 30:55 | Create | Villager (Male) |
| 31:07 | Create | Villager (Male) |
| 31:14 | Build | House |
| 31:21 | Build | House |
| 31:26 | Research | Town Patrol |
| 31:27 | Create | Villager (Male) |
| 31:35 | Create | Villager (Male) |
| 31:50 | Research | Gold Mining |
| 31:59 | Create | Villager (Male) |
| 32:01 | Build | Outpost |
| 32:07 | Build | House |
| 32:08 | Create | Villager (Male) |
| 32:16 | Create | Villager (Male) |
Build order — 只会种田
First 150 of 202 actions detected
| 0:38 | Build | Town Center |
| 2:30 | Build | House |
| 2:40 | Create | Villager (Male) |
| 2:41 | Create | Villager (Male) |
| 2:41 | Create | Villager (Male) |
| 2:55 | Create | Villager (Male) |
| 2:56 | Create | Villager (Male) |
| 3:58 | Build | House |
| 4:18 | Create | Villager (Male) |
| 4:55 | Create | Villager (Male) |
| 5:00 | Create | Villager (Male) |
| 5:06 | Build | House |
| 5:28 | Create | Villager (Male) |
| 5:50 | Create | Villager (Male) |
| 5:50 | Create | Villager (Male) |
| 6:23 | Build | House |
| 7:10 | Create | Villager (Male) |
| 7:11 | Create | Villager (Male) |
| 7:11 | Create | Villager (Male) |
| 7:11 | Create | Villager (Male) |
| 7:15 | Create | Villager (Male) |
| 7:15 | Create | Villager (Male) |
| 7:15 | Create | Villager (Male) |
| 7:49 | Create | Villager (Male) |
| 8:01 | Build | Mill |
| 8:06 | Build | House |
| 9:29 | Research | Loom |
| 9:36 | Build | Lumber Camp |
| 10:20 | Research | Feudal Age |
| 10:27 | Build | House |
| 10:42 | Build | House |
| 10:48 | Build | House |
| 11:00 | Build | House |
| 11:45 | Build | Barracks |
| 12:31 | Build | House |
| 12:41 | Age | Feudal Age |
| 12:44 | Create | Villager (Male) |
| 12:51 | Build | Blacksmith |
| 12:57 | Create | Villager (Male) |
| 13:02 | Build | Stable |
| 13:44 | Create | Villager (Male) |
| 13:49 | Build | Mining Camp |
| 14:18 | Create | Villager (Male) |
| 14:50 | Create | Villager (Male) |
| 15:13 | Research | Castle Age |
| 15:48 | Build | House |
| 15:57 | Build | Palisade Wall |
| 16:11 | Build | Palisade Gate |
| 16:20 | Build | Palisade Gate |
| 17:55 | Age | Castle Age |
| 17:57 | Build | Siege Workshop |
| 18:01 | Create | Knight |
| 18:01 | Create | Knight |
| 18:05 | Create | Knight |
| 18:15 | Research | Scale Barding Armor |
| 18:46 | Create | Mangonel |
| 18:48 | Build | House |
| 19:12 | Create | Villager (Male) |
| 19:24 | Create | Villager (Male) |
| 19:27 | Build | Town Center |
| 19:58 | Build | Town Center |
| 20:37 | Create | Villager (Male) |
| 20:57 | Create | Villager (Male) |
| 21:26 | Create | Villager (Male) |
| 21:28 | Build | Farm |
| 21:29 | Build | Farm |
| 22:19 | Build | Palisade Wall |
| 22:27 | Build | House |
| 22:39 | Build | Farm |
| 22:40 | Build | Farm |
| 22:41 | Build | Farm |
| 23:08 | Build | Farm |
| 23:08 | Build | Farm |
| 23:09 | Build | Farm |
| 23:10 | Build | Farm |
| 23:24 | Build | Farm |
| 23:51 | Create | Villager (Male) |
| 23:58 | Build | Farm |
| 24:29 | Create | Mangonel |
| 24:46 | Create | Villager (Male) |
| 24:46 | Create | Villager (Male) |
| 25:26 | Build | Farm |
| 25:30 | Build | Farm |
| 26:16 | Create | Villager (Male) |
| 26:23 | Build | Siege Workshop |
| 26:26 | Build | Farm |
| 27:11 | Create | Villager (Male) |
| 27:22 | Create | Scorpion |
| 27:39 | Build | Farm |
| 27:39 | Build | Farm |
| 27:40 | Build | Farm |
| 27:44 | Build | Farm |
| 28:05 | Create | Scorpion |
| 28:26 | Create | Scorpion |
| 28:53 | Create | Villager (Male) |
| 28:56 | Build | Farm |
| 29:31 | Create | Villager (Male) |
| 29:56 | Create | Villager (Male) |
| 29:58 | Create | Mangonel |
| 31:25 | Create | Villager (Male) |
| 31:25 | Create | Villager (Male) |
| 31:25 | Create | Villager (Male) |
| 31:45 | Build | Mining Camp |
| 32:46 | Build | Mining Camp |
| 32:55 | Create | Villager (Male) |
| 32:55 | Create | Villager (Male) |
| 33:25 | Create | Villager (Male) |
| 33:33 | Build | Lumber Camp |
| 35:11 | Build | Town Center |
| 36:19 | Build | Mill |
| 36:41 | Build | Castle |
| 37:02 | Build | Castle |
| 37:13 | Create | Villager (Male) |
| 37:13 | Create | Villager (Male) |
| 37:13 | Create | Villager (Male) |
| 37:39 | Build | Mining Camp |
| 38:24 | Build | Market |
| 39:09 | Create | Villager (Male) |
| 39:10 | Create | Villager (Male) |
| 39:29 | Create | Villager (Male) |
| 39:29 | Create | Villager (Male) |
| 39:35 | Build | Town Center |
| 39:46 | Create | Villager (Male) |
| 39:47 | Create | Villager (Male) |
| 40:29 | Build | Farm |
| 40:30 | Build | Farm |
| 40:33 | Build | Farm |
| 41:00 | Create | Villager (Male) |
| 41:00 | Create | Villager (Male) |
| 41:01 | Create | Villager (Male) |
| 41:01 | Create | Villager (Male) |
| 41:01 | Create | Villager (Male) |
| 41:25 | Build | Castle |
| 41:32 | Create | Villager (Male) |
| 41:34 | Create | Shotel Warrior |
| 41:40 | Build | Siege Workshop |
| 41:50 | Create | Villager (Male) |
| 41:51 | Create | Villager (Male) |
| 41:58 | Build | Farm |
| 42:00 | Build | Farm |
| 42:24 | Create | Shotel Warrior |
| 42:36 | Build | Lumber Camp |
| 42:41 | Create | Shotel Warrior |
| 42:41 | Create | Shotel Warrior |
| 42:43 | Create | Battering Ram |
| 42:57 | Build | Farm |
| 43:04 | Build | Farm |
| 43:05 | Build | Farm |
| 43:31 | Build | Mining Camp |
| 43:42 | Create | Villager (Male) |
Build order — 男高抗压位
First 150 of 472 actions detected
| 0:42 | Build | Town Center |
| 1:14 | Build | House |
| 2:26 | Build | House |
| 2:47 | Research | Loom |
| 2:47 | Create | Villager (Male) |
| 2:47 | Create | Villager (Male) |
| 2:48 | Create | Villager (Male) |
| 2:48 | Create | Villager (Male) |
| 3:07 | Build | House |
| 5:03 | Create | Villager (Male) |
| 5:03 | Create | Villager (Male) |
| 5:03 | Create | Villager (Male) |
| 5:17 | Build | Mill |
| 6:01 | Create | Villager (Male) |
| 6:01 | Create | Villager (Male) |
| 6:29 | Create | Villager (Male) |
| 6:29 | Create | Villager (Male) |
| 7:00 | Create | Villager (Male) |
| 7:23 | Build | House |
| 7:25 | Build | House |
| 7:32 | Create | Villager (Male) |
| 7:49 | Build | House |
| 8:07 | Create | Villager (Male) |
| 8:33 | Create | Villager (Male) |
| 8:33 | Create | Villager (Male) |
| 8:37 | Build | Mill |
| 8:39 | Create | Villager (Male) |
| 8:39 | Create | Villager (Male) |
| 9:10 | Create | Villager (Male) |
| 9:10 | Create | Villager (Male) |
| 9:37 | Create | Villager (Male) |
| 10:09 | Build | Lumber Camp |
| 10:28 | Create | Villager (Male) |
| 10:53 | Create | Villager (Male) |
| 11:13 | Create | Villager (Male) |
| 11:31 | Create | Villager (Male) |
| 11:43 | Build | Mill |
| 11:54 | Create | Villager (Male) |
| 12:13 | Create | Villager (Male) |
| 12:43 | Research | Feudal Age |
| 12:49 | Build | Mining Camp |
| 13:35 | Build | House |
| 14:46 | Create | Villager (Male) |
| 14:46 | Create | Villager (Male) |
| 14:58 | Build | Barracks |
| 15:18 | Age | Feudal Age |
| 15:27 | Create | Villager (Male) |
| 15:37 | Build | House |
| 15:51 | Build | Blacksmith |
| 15:57 | Build | Stable |
| 16:31 | Create | Villager (Male) |
| 16:33 | Build | House |
| 16:54 | Build | House |
| 17:12 | Research | Castle Age |
| 17:23 | Research | Double-Bit Axe |
| 17:38 | Create | Scout Cavalry |
| 17:52 | Build | Stable |
| 18:42 | Research | Scale Barding Armor |
| 18:44 | Research | Forging |
| 18:53 | Research | Horse Collar |
| 19:12 | Create | Villager (Male) |
| 19:13 | Create | Villager (Male) |
| 19:22 | Build | Palisade Gate |
| 19:26 | Build | Palisade Wall |
| 19:52 | Age | Castle Age |
| 19:59 | Create | Knight ×3 |
| 20:05 | Build | Town Center |
| 20:22 | Build | Farm |
| 20:24 | Build | Farm |
| 20:30 | Research | Bow Saw |
| 20:48 | Build | House |
| 20:49 | Build | House |
| 21:14 | Create | Villager (Male) |
| 21:15 | Create | Villager (Male) |
| 21:17 | Build | Farm |
| 21:21 | Build | Farm |
| 21:23 | Build | Farm |
| 21:24 | Build | Farm |
| 21:26 | Build | Farm |
| 21:27 | Build | Farm |
| 21:36 | Build | House |
| 21:37 | Build | House |
| 21:38 | Build | House |
| 21:47 | Build | Farm |
| 21:49 | Build | Farm |
| 21:51 | Build | Farm |
| 21:51 | Build | Farm |
| 21:52 | Build | Farm |
| 21:52 | Build | Farm |
| 21:53 | Build | Farm |
| 21:53 | Build | Farm |
| 21:53 | Build | Farm |
| 22:05 | Build | Farm |
| 22:19 | Create | Villager (Male) |
| 22:19 | Create | Villager (Male) |
| 22:24 | Build | Farm |
| 22:25 | Build | Farm |
| 22:59 | Create | Villager (Male) |
| 22:59 | Create | Villager (Male) |
| 22:59 | Create | Villager (Male) |
| 22:59 | Create | Villager (Male) |
| 23:07 | Build | Farm |
| 23:10 | Build | Farm |
| 23:11 | Build | Farm |
| 23:11 | Build | Farm |
| 23:15 | Create | Villager (Male) |
| 23:15 | Create | Villager (Male) |
| 23:21 | Build | Farm |
| 23:23 | Build | Farm |
| 23:25 | Create | Villager (Male) |
| 23:25 | Create | Villager (Male) |
| 23:56 | Create | Villager (Male) |
| 23:57 | Create | Villager (Male) |
| 24:01 | Build | Farm |
| 24:02 | Build | Farm |
| 24:04 | Build | Farm |
| 24:13 | Create | Villager (Male) |
| 24:14 | Create | Villager (Male) |
| 24:16 | Build | House |
| 24:17 | Build | House |
| 24:27 | Create | Villager (Male) |
| 24:27 | Create | Villager (Male) |
| 24:38 | Build | Market |
| 24:40 | Create | Villager (Male) |
| 24:40 | Create | Villager (Male) |
| 24:43 | Build | Farm |
| 24:43 | Build | Farm |
| 24:50 | Create | Villager (Male) |
| 24:51 | Create | Villager (Male) |
| 25:01 | Create | Villager (Male) |
| 25:06 | Build | Farm |
| 25:07 | Build | Farm |
| 25:09 | Create | Villager (Male) |
| 25:10 | Create | Villager (Male) |
| 25:23 | Build | House |
| 25:24 | Build | House |
| 25:26 | Build | House |
| 25:27 | Build | House |
| 25:33 | Build | Farm |
| 25:34 | Create | Villager (Male) |
| 25:34 | Create | Villager (Male) |
| 25:34 | Create | Villager (Male) |
| 25:45 | Create | Knight |
| 25:45 | Create | Knight |
| 25:45 | Create | Knight |
| 25:52 | Build | Mining Camp |
| 26:04 | Build | Town Center |
| 26:09 | Create | Knight ×2 |
| 26:11 | Create | Villager (Male) |
| 26:28 | Research | Wheelbarrow |
Build order — 卡卡罗特
First 150 of 478 actions detected
| 0:49 | Build | Town Center |
| 1:48 | Build | House |
| 3:05 | Create | Villager (Male) |
| 3:06 | Create | Villager (Male) |
| 3:21 | Create | Villager (Male) |
| 3:32 | Create | Villager (Male) |
| 3:51 | Build | House |
| 4:34 | Research | Loom |
| 4:51 | Create | Villager (Male) |
| 5:07 | Build | House |
| 5:24 | Create | Villager (Male) |
| 5:51 | Create | Villager (Male) |
| 5:52 | Create | Villager (Male) |
| 6:07 | Build | House |
| 6:18 | Create | Villager (Male) |
| 6:19 | Create | Villager (Male) |
| 6:43 | Create | Villager (Male) |
| 7:08 | Create | Villager (Male) |
| 7:25 | Create | Villager (Male) |
| 7:47 | Build | House |
| 8:03 | Create | Villager (Male) |
| 8:23 | Create | Villager (Male) |
| 8:37 | Create | Villager (Male) |
| 9:09 | Create | Villager (Male) |
| 9:27 | Build | Mill |
| 9:30 | Build | House |
| 9:31 | Create | Villager (Male) |
| 9:41 | Build | House |
| 9:42 | Build | House |
| 9:58 | Create | Villager (Male) |
| 10:32 | Create | Villager (Male) |
| 10:41 | Create | Villager (Male) |
| 10:45 | Build | House |
| 10:58 | Build | Lumber Camp |
| 11:16 | Build | House |
| 11:27 | Build | House |
| 11:44 | Research | Feudal Age |
| 11:44 | Research | Feudal Age |
| 12:32 | Build | Barracks |
| 13:54 | Age | Feudal Age |
| 13:55 | Create | Villager (Male) |
| 14:01 | Build | Stable |
| 14:12 | Research | Double-Bit Axe |
| 14:17 | Create | Villager (Male) |
| 14:20 | Build | House |
| 14:47 | Create | Villager (Male) |
| 14:53 | Build | Blacksmith |
| 14:55 | Create | Villager (Male) |
| 14:57 | Create | Scout Cavalry |
| 14:57 | Create | Scout Cavalry |
| 15:26 | Create | Villager (Male) |
| 15:45 | Build | Mill |
| 15:54 | Build | Mining Camp |
| 15:55 | Create | Scout Cavalry |
| 16:01 | Build | Farm |
| 16:02 | Build | Farm |
| 16:04 | Create | Villager (Male) |
| 16:08 | Build | House |
| 16:22 | Create | Scout Cavalry |
| 16:38 | Create | Villager (Male) |
| 17:13 | Create | Villager (Male) |
| 17:16 | Build | Farm |
| 17:32 | Create | Villager (Male) |
| 17:39 | Build | Watch Tower |
| 17:44 | Build | Palisade Wall |
| 17:45 | Build | Palisade Wall |
| 17:54 | Build | Farm |
| 17:55 | Build | Farm |
| 18:07 | Create | Scout Cavalry |
| 18:30 | Build | Farm |
| 18:31 | Build | Farm |
| 18:32 | Create | Villager (Male) |
| 18:53 | Build | House |
| 18:56 | Build | Farm |
| 18:57 | Build | Farm |
| 19:08 | Create | Villager (Male) |
| 19:19 | Build | Farm |
| 19:22 | Build | Farm |
| 19:24 | Build | Farm |
| 19:24 | Build | Farm |
| 19:31 | Build | Farm |
| 19:34 | Create | Villager (Male) |
| 19:53 | Build | House |
| 20:01 | Create | Villager (Male) |
| 20:34 | Research | Castle Age |
| 20:34 | Research | Castle Age |
| 20:35 | Research | Castle Age |
| 21:26 | Research | Horse Collar |
| 21:26 | Research | Horse Collar |
| 21:32 | Research | Gold Mining |
| 22:24 | Build | Lumber Camp |
| 22:41 | Create | Villager (Male) |
| 23:14 | Age | Castle Age |
| 23:22 | Build | Town Center |
| 23:23 | Create | Villager (Male) |
| 23:30 | Build | Monastery |
| 23:54 | Build | Town Center |
| 23:56 | Create | Villager (Male) |
| 24:03 | Build | Siege Workshop |
| 24:13 | Create | Villager (Male) |
| 24:21 | Create | Monk |
| 24:21 | Create | Monk |
| 24:42 | Create | Villager (Male) |
| 24:50 | Build | Mining Camp |
| 25:02 | Create | Mangonel |
| 25:02 | Create | Mangonel |
| 25:19 | Create | Villager (Male) |
| 25:19 | Create | Villager (Male) |
| 25:23 | Create | Villager (Male) |
| 25:30 | Create | Villager (Male) |
| 25:47 | Create | Monk |
| 25:56 | Create | Villager (Male) |
| 26:18 | Create | Mangonel |
| 26:20 | Build | House |
| 26:25 | Build | Farm |
| 26:26 | Build | Farm |
| 26:47 | Create | Villager (Male) |
| 26:48 | Create | Villager (Male) |
| 26:48 | Create | Villager (Male) |
| 26:49 | Create | Villager (Male) |
| 26:51 | Build | Farm |
| 26:52 | Build | Farm |
| 26:54 | Build | Farm |
| 26:55 | Build | Farm |
| 26:56 | Build | Farm |
| 27:15 | Create | Villager (Male) |
| 27:39 | Create | Villager (Male) |
| 27:39 | Create | Villager (Male) |
| 27:42 | Build | Farm |
| 28:05 | Create | Villager (Male) |
| 28:05 | Create | Villager (Male) |
| 28:11 | Build | Farm |
| 28:21 | Create | Villager (Male) |
| 28:30 | Create | Villager (Male) |
| 28:30 | Create | Villager (Male) |
| 28:39 | Create | Villager (Male) |
| 29:08 | Create | Villager (Male) |
| 29:14 | Create | Villager (Male) |
| 29:23 | Create | Villager (Male) |
| 29:23 | Create | Villager (Male) |
| 29:35 | Build | Castle |
| 29:35 | Create | Villager (Male) |
| 29:41 | Create | Villager (Male) |
| 30:09 | Create | Villager (Male) |
| 30:21 | Create | Villager (Male) |
| 30:22 | Create | Villager (Male) |
| 30:40 | Build | House |
| 31:22 | Create | Villager (Male) |
| 31:22 | Create | Villager (Male) |
| 31:25 | Build | Farm |
Match timeline
| 2:10 | 别找我要羊,没有 · wall_segment Palisade Wall x1 |
| 2:12 | 别找我要羊,没有 · wall_segment Palisade Wall x1 |
| 2:13 | 别找我要羊,没有 · wall_segment Palisade Wall x1 |
| 2:14 | 别找我要羊,没有 · wall_segment Palisade Wall x1 |
| 9:00 | 前三十分钟没有我 · wall_segment Palisade Wall x1 |
| 10:14 | 别找我要羊,没有 · wall_segment Palisade Wall x11 |
| 10:52 | 别找我要羊,没有 · wall_segment Palisade Wall x1 |
| 11:28 | 不路路 · wall_segment Palisade Wall x1 |
| 11:30 | 飞云骑 · wall_segment Palisade Wall x4 |
| 11:45 | 只会种田 · first_building Barracks |
| 12:11 | Nineshine · first_building Barracks |
| 12:32 | 卡卡罗特 · first_building Barracks |
| 12:35 | 飞云骑 · wall_segment Palisade Wall x17 |
| 12:41 | 只会种田 · age_up feudal |
| 13:02 | 只会种田 · first_building Stable |
| 13:18 | 飞云骑 · age_up feudal |
| 13:43 | 飞云骑 · wall_segment Stone Wall x7 |
| 13:47 | 不路路 · age_up feudal |
| 13:54 | 卡卡罗特 · age_up feudal |
| 14:01 | 卡卡罗特 · first_building Stable |
| 14:06 | 飞云骑 · wall_segment Palisade Wall x1 |
| 14:09 | 不路路 · first_building Barracks |
| 14:13 | 飞云骑 · wall_segment Palisade Wall x1 |
| 14:14 | Nineshine · age_up feudal |
| 14:16 | Nineshine · first_building Archery Range |
| 14:23 | 不路路 · wall_segment Palisade Wall x4 |
| 14:29 | 飞云骑 · first_building Barracks |
| 14:32 | 别找我要羊,没有 · wall_segment Palisade Wall x1 |
| 14:37 | 别找我要羊,没有 · wall_segment Palisade Wall x1 |
| 14:38 | 别找我要羊,没有 · wall_segment Palisade Wall x1 |
| 14:39 | 别找我要羊,没有 · wall_segment Palisade Wall x1 |
| 14:40 | 别找我要羊,没有 · wall_segment Palisade Wall x1 |
| 14:40 | 别找我要羊,没有 · wall_segment Palisade Wall x2 |
| 14:41 | 别找我要羊,没有 · wall_segment Palisade Wall x2 |
| 14:41 | 别找我要羊,没有 · wall_segment Palisade Wall x2 |
| 14:41 | 别找我要羊,没有 · wall_segment Palisade Wall x2 |
| 14:42 | 别找我要羊,没有 · wall_segment Palisade Wall x2 |
| 14:42 | 别找我要羊,没有 · wall_segment Palisade Wall x2 |
| 14:42 | 别找我要羊,没有 · wall_segment Palisade Wall x2 |
| 14:43 | 别找我要羊,没有 · wall_segment Palisade Wall x3 |
| 14:43 | 别找我要羊,没有 · wall_segment Palisade Wall x1 |
| 14:43 | 别找我要羊,没有 · wall_segment Palisade Wall x2 |
| 14:44 | 别找我要羊,没有 · wall_segment Palisade Wall x1 |
| 14:44 | 别找我要羊,没有 · wall_segment Palisade Wall x1 |
| 14:53 | 不路路 · wall_segment Palisade Wall x3 |
| 14:58 | 男高抗压位 · first_building Barracks |
| 14:58 | 别找我要羊,没有 · age_up feudal |
| 15:18 | Nineshine · wall_segment Palisade Wall x8 |
| 15:18 | 男高抗压位 · age_up feudal |
| 15:23 | 飞云骑 · wall_segment Stone Wall x3 |
| 15:24 | 前三十分钟没有我 · age_up feudal |
| 15:57 | 男高抗压位 · first_building Stable |
| 15:57 | 只会种田 · wall_segment Palisade Wall x1 |
| 16:33 | 前三十分钟没有我 · first_building Barracks |
| 16:40 | Nineshine · age_up castle |
| 17:16 | 不路路 · first_market_sell 100 wood |
| 17:16 | 不路路 · first_market_buy 100 food |
| 17:26 | 飞云骑 · age_up castle |
| 17:34 | 飞云骑 · first_building Siege Workshop |
| 17:44 | 卡卡罗特 · wall_segment Palisade Wall x1 |
| 17:45 | 卡卡罗特 · wall_segment Palisade Wall x1 |
| 17:55 | 只会种田 · age_up castle |
| 17:57 | 只会种田 · first_building Siege Workshop |
| 18:42 | 飞云骑 · wall_segment Palisade Wall x1 |
| 18:43 | 飞云骑 · wall_segment Palisade Wall x1 |
| 18:55 | 别找我要羊,没有 · wall_segment Stone Wall x2 |
| 19:19 | 前三十分钟没有我 · age_up castle |
| 19:26 | 男高抗压位 · wall_segment Palisade Wall x4 |
| 19:36 | 不路路 · wall_segment Palisade Wall x1 |
| 19:38 | 不路路 · wall_segment Palisade Wall x1 |
| 19:38 | 前三十分钟没有我 · first_building Siege Workshop |
| 19:39 | 不路路 · wall_segment Palisade Wall x1 |
| 19:44 | 飞云骑 · first_market_sell 100 food |
| 19:46 | 飞云骑 · first_market_buy 100 stone |
| 19:52 | 男高抗压位 · age_up castle |
| 19:54 | 不路路 · wall_segment Palisade Wall x1 |
| 19:57 | 不路路 · age_up castle |
| 20:16 | 不路路 · first_building Castle |
| 20:19 | 前三十分钟没有我 · first_building Monastery |
| 20:28 | 不路路 · first_building Monastery |
| 20:30 | 飞云骑 · first_building Castle |
| 20:33 | 别找我要羊,没有 · first_building Barracks |
| 21:24 | 别找我要羊,没有 · first_building Stable |
| 22:19 | 只会种田 · wall_segment Palisade Wall x1 |
| 23:12 | 别找我要羊,没有 · wall_segment Stone Wall x1 |
| 23:14 | 卡卡罗特 · age_up castle |
| 23:30 | 卡卡罗特 · first_building Monastery |
| 24:03 | 卡卡罗特 · first_building Siege Workshop |
| 24:11 | 不路路 · first_building Siege Workshop |
| 24:34 | 前三十分钟没有我 · first_market_buy 100 food |
| 25:46 | 飞云骑 · wall_segment Stone Wall x1 |
| 26:23 | 男高抗压位 · first_market_buy 100 food |
| 26:45 | 不路路 · first_building Stable |
| 27:08 | 前三十分钟没有我 · first_building Castle |
| 27:27 | 别找我要羊,没有 · first_building Archery Range |
| 28:18 | Nineshine · first_building Monastery |
| 29:13 | Nineshine · first_market_sell 100 food |
| 29:35 | 卡卡罗特 · first_building Castle |
| 29:44 | 别找我要羊,没有 · age_up castle |
| 30:25 | 飞云骑 · wall_segment Stone Wall x1 |
| 31:10 | Nineshine · age_up imperial |
| 31:32 | 别找我要羊,没有 · first_building Castle |
| 32:02 | 飞云骑 · first_building Monastery |
| 32:57 | 卡卡罗特 · wall_segment Stone Wall x1 |
| 33:43 | 前三十分钟没有我 · first_market_sell 500 wood |
| 34:09 | 别找我要羊,没有 · first_building Siege Workshop |
| 34:23 | Nineshine · first_market_buy 100 food |
| 34:31 | 男高抗压位 · first_market_sell 500 food |
| 34:35 | 前三十分钟没有我 · age_up imperial |
| 34:45 | 卡卡罗特 · first_market_buy 100 food |
| 34:51 | 男高抗压位 · first_building Monastery |
| 36:41 | 只会种田 · first_building Castle |
| 37:27 | 前三十分钟没有我 · wall_segment Palisade Wall x15 |
| 37:27 | 男高抗压位 · first_building Siege Workshop |
| 37:33 | 男高抗压位 · first_building Castle |
| 37:53 | 别找我要羊,没有 · wall_segment Stone Wall x9 |
| 38:08 | 别找我要羊,没有 · wall_segment Stone Wall x3 |
| 38:39 | Nineshine · first_building Stable |
| 39:00 | 卡卡罗特 · wall_segment Stone Wall x6 |
| 39:04 | 卡卡罗特 · wall_segment Stone Wall x5 |
| 39:15 | 别找我要羊,没有 · first_building Monastery |
| 39:19 | 只会种田 · first_market_buy 100 food |
| 39:26 | 男高抗压位 · age_up imperial |
| 41:36 | Nineshine · first_building Castle |
| 41:36 | 卡卡罗特 · age_up imperial |
| 42:39 | 不路路 · wall_segment Palisade Wall x2 |
| 42:42 | 不路路 · wall_segment Palisade Wall x2 |
| 42:51 | 不路路 · age_up imperial |
| 42:55 | 卡卡罗特 · wall_segment Stone Wall x15 |
| 44:09 | 飞云骑 · age_up imperial |
| 44:55 | 不路路 · wall_segment Palisade Wall x1 |
| 47:38 | 男高抗压位 · tribute_sent a jugador 1 |
| 47:38 | 男高抗压位 · tribute_sent a jugador 2 |
| 47:38 | 男高抗压位 · tribute_sent a jugador 3 |
| 47:38 | 男高抗压位 · tribute_sent a jugador 4 |
| 47:38 | 男高抗压位 · tribute_sent a jugador 5 |
| 47:38 | 男高抗压位 · tribute_sent a jugador 6 |
| 47:38 | 男高抗压位 · tribute_sent a jugador 8 |
| 49:00 | 飞云骑 · first_building Stable |
| 49:02 | 飞云骑 · first_building Archery Range |
| 49:57 | 卡卡罗特 · wall_segment Stone Wall x2 |
| 51:28 | Nineshine · tribute_sent a jugador 1 |
| 51:28 | Nineshine · tribute_sent a jugador 3 |
| 51:28 | Nineshine · tribute_sent a jugador 4 |
| 51:28 | Nineshine · tribute_sent a jugador 5 |
| 51:28 | Nineshine · tribute_sent a jugador 6 |
| 51:28 | Nineshine · tribute_sent a jugador 7 |
| 51:28 | Nineshine · tribute_sent a jugador 8 |
| 51:58 | Nineshine · tribute_sent a jugador 1 |
| 51:58 | Nineshine · tribute_sent a jugador 3 |
| 51:58 | Nineshine · tribute_sent a jugador 4 |
| 51:58 | Nineshine · tribute_sent a jugador 5 |
| 51:58 | Nineshine · tribute_sent a jugador 6 |
| 51:58 | Nineshine · tribute_sent a jugador 7 |
| 51:58 | Nineshine · tribute_sent a jugador 8 |
| 52:17 | 只会种田 · resign |
[ AI ANALYSIS · 1 CREDIT ]
What really happened in this match?
Wolo.gg analyzes every decision: build order, eco, micro, common mistakes by bracket. Personalized analysis on WhatsApp or Discord in 30 seconds.
Civ guide
Goths
Perfil
Jugador #18993389